 Dungeon Sprint DCSS version 0.27-a0-972-gd1521fd518 (webtiles) character file.

Game seed: 15021775172427152920

76394 mhtbhm the Petrodigitator (level 15, -15/80 HPs)
             Began as a Gargoyle Earth Elementalist on Apr 14, 2021.
             Was the Champion of Vehumet.
             Demolished by Mennas
             ... wielding a +1 eudemon blade of holy wrath
              (25 damage)
             ... in the Dungeon (Sprint IX: "|||||||||||||||||||||||||||||").
             The game lasted 00:24:15 (9459 turns).

mhtbhm the Petrodigitator (GrEE)                    Turns: 9459, Time: 00:24:15

Health: -15/80     AC: 24    Str: 13    XL:     15   Next: 53%
Magic:  39/44      EV: 16    Int: 21    God:    Vehumet [******]
Gold:   109        SH:  0    Dex: 10    Spells: 15/64 levels left

rFire    . . .     SeeInvis .   a - +4 quarterstaff (speed)
rCold    . . .     Faith    .   (shield currently unavailable)
rNeg     + . .     Spirit   .   c - +2 robe {Will+}
rPois    ∞         Reflect  .   C - +1 helmet
rElec    +         Harm     .   m - +1 cloak
rCorr    .         Rampage  .   D - +1 pair of gloves
Will     ++...     NoTele   +   n - +0 pair of boots
Stlth    ++........             v - amulet of magic regeneration
HPRegen  0.23/turn              o - +2 ring of protection
MPRegen  0.54/turn              p - +2 ring of evasion

@: mighty, flying, glowing, silenced
A: AC +11, big wings, negative energy resistance 1, electricity resistance,
torment resistance 1, unbreathing 1, petrification resistance
a: Renounce Religion


You were in the Dungeon.
You worshipped Vehumet.
Vehumet was exalted by your worship.
You visited 1 branch You collected 1937 gold pieces.
You spent 1828 gold pieces at shops.

Inventory:

Hand Weapons
 a - a +4 quarterstaff of speed (weapon)
Armour
 c - a +2 robe of willpower (worn)
 m - a +1 cloak (worn)
 n - a +0 pair of boots (worn)
 C - a +1 helmet (worn)
 D - a +1 pair of gloves (worn)
Jewellery
 o - a +2 ring of protection (left hand)
 p - a +2 ring of evasion (right hand)
 v - an amulet of magic regeneration (around neck)
 z - a ring of protection from cold
 A - a ring of willpower
 B - a ring of fire
Scrolls
 b - 6 scrolls of identify
 i - 7 scrolls of blinking
 k - 2 scrolls of amnesia
 q - a scroll of immolation
 s - a scroll of fear
 t - 6 scrolls of enchant armour
 w - a scroll of fog
 x - a scroll of enchant weapon
Potions
 d - a potion of invisibility
 f - a potion of might
 g - 2 potions of magic
 j - 7 potions of curing
 l - 3 potions of mutation
 r - a potion of resistance


   Skills:
 + Level 4.6 Fighting
 + Level 4.8 Staves
 + Level 0.4 Throwing
 + Level 6.9 Dodging
 - Level 9.8 Stealth
 + Level 25.0 Spellcasting
 + Level 10.1 Conjurations
 + Level 5.9 Transmutations
 * Level 10.6 Fire Magic
 + Level 1.0 Ice Magic
 O Level 27 Earth Magic
 + Level 5.1 Evocations


You had 15 spell levels left.
You knew the following spells:

 Your Spells              Type           Power      Damage    Failure   Level
a - Sandblast             Erth           100%       2d20      0%          1
b - Passwall              Tmut/Erth      64%        N/A       0%          2
c - Stone Arrow           Conj/Erth      100%       3d13      0%          3
d - Lee's Rapid Deconstr  Erth           48%        3d24*     0%          5
e - Petrify               Tmut/Erth      77%        N/A       0%          4
f - Frozen Ramparts       Ice            60%        1d8       1%          3
g - Iron Shot             Conj/Erth      40%        9d8       1%          6
h - Shatter               Erth           48%        3d37*     1%          9
i - Lehudib's Crystal Sp  Conj/Erth      40%        10d10     1%          8
j - Ignition              Fire           31%        3d10      28%         8

Your spell library contained the following spells:

 Spells                   Type           Power      Damage    Failure   Level
 Tornado                  Air            13%        N/A       100%        9
 Foxfire                  Conj/Fire      100%       2x1d9     0%          1
 Conjure Flame            Conj/Fire      63%        6-21      1%          3
 Inner Flame              Hex/Fire       48%        N/A       1%          3
 Animate Armour           Summ/Erth      100%       N/A       1%          4
 Leda's Liquefaction      Hex/Erth       35%        N/A       1%          4
 Sticky Flame             Conj/Fire      63%        2d8       1%          4
 Bolt of Magma            Conj/Fire/Erth 37%        4d16      1%          5
 Fireball                 Conj/Fire      31%        3d13      1%          5
 Statue Form              Tmut/Erth      Unusable   N/A       N/A         6

Dungeon Overview and Level Annotations

Branches:
Dungeon (1/1)

Altars:
Cheibriados
Dithmenos
Elyvilon
Fedhas
Gozag
Hepliaklqana
Kikubaaqudgha
Makhleb
Nemelex Xobeh
Okawaru
Qazlal
Ru
Sif Muna
Trog
Uskayaw
Vehumet
Wu Jian
Xom
Yredelemnul
Zin
The Shining One
Beogh
Jiyva
Lugonu

Shops:
D ==?:

Annotations:
D Mennas


Innate Abilities, Weirdness & Mutations

Your stone body is resilient. (AC +11)
You are immune to poison.
Your large and strong wings let you fly.
You resist negative energy. (rN+)
You are resistant to electric shocks. (rElec)
You are resistant to unholy torment.
You can survive without breathing.
You are immune to petrification.


Message History

You feel very mighty all of a sudden.
Mennas hits you with a +1 eudemon blade of holy wrath!
Mennas misses you. Mennas blocks your attack.
Mennas hits you but does no damage. x2
Unknown command.
Press: ? - help, v - describe, . - travel The floor.
This square is shrouded in silence and is lit by a halo.
You aren't carrying any items that you can evoke.
Unknown command.
Unknown command.
Throw: 2 throwing nets
Press: ? - help, Q - select action, (/) - cycle Shift-Dir - straight line, f/p - Mennas
Aim: Mennas, wielding a +1 eudemon blade of holy wrath and wearing a +0 tower shield (silenced, radiating silence, haloed, 14% to hit)
You throw a throwing net. The throwing net barely misses Mennas.
Mennas hits you with a +1 eudemon blade of holy wrath.
Mennas completely misses you. Mennas barely misses you. x2
Unknown command.
Throw: throwing net
Press: ? - help, Q - select action, (/) - cycle Shift-Dir - straight line, f/p - Mennas
Aim: Mennas, wielding a +1 eudemon blade of holy wrath and wearing a +0 tower shield (silenced, radiating silence, haloed, 14% to hit)
You throw a throwing net.
Mennas blocks the throwing net.
Mennas hits you with a +1 eudemon blade of holy wrath!
Mennas hits you but does no damage.
Unknown command.
Mennas blocks your attack. Mennas completely misses you.
Mennas hits you with a +1 eudemon blade of holy wrath.
Mennas blocks your attack.
Mennas hits you with a +1 eudemon blade of holy wrath.
Mennas hits you with a +1 eudemon blade of holy wrath!
Mennas blocks your attack.
Mennas hits you with a +1 eudemon blade of holy wrath. x2
Unknown command.
Mennas blocks your attack.
Mennas hits you with a +1 eudemon blade of holy wrath.
Mennas hits you with a +1 eudemon blade of holy wrath!
* * * LOW HITPOINT WARNING * * *
You barely miss Mennas.
Mennas hits you with a +1 eudemon blade of holy wrath!!
You die...

,,,,+,,,,,,,,,,,,,+,,,,*
************************
,,,,,,,,,,,,,,,,,,,,,,,*
**********************,*
,,,,,,,,,,,,+,,,,,,,,,,*
***************▓▓▓▓▓▓▓▓▓
,,,,,,,,,,,,,,,........▓
▓▓▓▓▓▓▓▓▓▓▓▓▓▓▓▓▓▓▓▓▓▓.▓
.)......[.......@A....(▓
▓▓▓▓▓▓▓▓▓▓▓▓▓▓▓▓▓▓▓▓▓▓▓▓
.......................▓
▓▓▓▓▓▓▓▓▓▓▓▓▓▓▓▓▓▓▓▓▓▓.▓
.†....†...'............▓
▓▓▓▓▓▓▓▓▓▓▓▓▓▓▓▓▓▓▓▓▓▓▓▓
.......................▓
▓▓▓▓▓▓▓▓▓▓▓▓▓▓▓▓▓▓▓▓▓▓.▓
(.().).......'.........▓


You could see Mennas (silencing).

Vanquished Creatures
  A lich (D)
  A sphinx (D)
  2 fire giants (D)
  3 vault wardens (D)
  2 frost giants (D)
  Aizul (D)
  An orc warlord (D)
  An emperor scorpion (D)
  2 ironbound preservers (D)
  A very ugly thing (D)
  3 stone giants (D)
  A dire elephant (D)
  A bunyip (D)
  An entropy weaver (D)
  An eleionoma (D)
  2 ettins (D)
  A salamander tyrant (D)
  A yaktaur captain (D)
  A fire dragon (D)
  A great orb of eyes (D)
  An ironbound thunderhulk (D)
  A boulder beetle (D)
  Erolcha (D)
  Harold (D)
  3 ice dragons (D)
  A peacekeeper (D)
  2 hydras (D)
  2 merfolk avatars (D)
  4 centaur warriors (D)
  A ghost crab (D)
  3 ogre magi (D)
  7 two-headed ogres (D)
  An ironbound frostheart (D)
  An alligator snapping turtle (D)
  2 tengu warriors (D)
  A deep troll shaman (D)
  A vampire mage (D)
  2 deep troll earth magi (D)
  An orc high priest (D)
  A shock serpent (D)
  2 spriggan druids (D)
  2 swamp dragons (D)
  A necromancer (D)
  A deep elf pyromancer (D)
  2 orb spiders (D)
  2 ironbound convokers (D)
  4 wizards (D)
  An orc knight (D)
  An orb spider (shapeshifter) (D)
  A mana viper (D)
  A wolf spider (D)
  2 cyclopes (D)
  An ugly thing (D)
  A manticore (D)
  7 elephants (D)
  Maurice (D)
  5 black mambas (D)
  A gargoyle (D)
  5 komodo dragons (D)
  2 demonic crawlers (D)
  2 trolls (D)
  A polar bear (shapeshifter) (D)
  A tyrant leech (D)
  A wind drake (D)
  2 blink frogs (D)
  2 jumping spiders (D)
  A polar bear (D)
  2 merfolk (D)
  A slime creature (D)
  2 snapping turtles (D)
  2 shadows (D)
  A redback (D)
  3 yaks (D)
  3 basilisks (D)
  Grum (D)
  2 nagas (D)
  10 orc warriors (D)
  6 ogres (D)
  A sky beast (D)
  3 wolves (D)
  2 bullfrogs (D)
  A killer bee (D)
  3 orc priests (D)
  An iguana (D)
  5 orc wizards (D)
  An adder (D)
  An ufetubus (D)
  An adder zombie (D)
  A dart slug (D)
  5 orcs (D)
  An endoplasm (D)
  2 goblins (D)
  A rat (D)
180 creatures vanquished.

Notes
Turn   | Place    | Note
-------+----------+-------------------------------------------
     0 | D        | mhtbhm the Gargoyle Earth Elementalist began the quest for
                  | the Orb.
     0 | D        | Reached XP level 1. HP: 10/10 MP: 3/3
     5 | D        | Reached skill level 4 in Earth Magic
    32 | D        | Reached skill level 5 in Earth Magic
    33 | D        | Reached XP level 2. HP: 15/15 MP: 0/5
   103 | D        | Learned a level 2 spell: Passwall
   103 | D        | Noticed a sky beast
   119 | D        | Reached skill level 6 in Earth Magic
   132 | D        | Reached skill level 7 in Earth Magic
   132 | D        | Reached XP level 3. HP: 5/19 MP: 5/8
   133 | D        | Killed a sky beast
   134 | D        | Reached skill level 5 in Spellcasting
   134 | D        | Reached skill level 9 in Earth Magic
   134 | D        | Reached XP level 4. HP: 7/24 MP: 3/11
   134 | D        | Reached XP level 5. HP: 8/28 MP: 3/12
   363 | D        | Found a snail-covered altar of Cheibriados.
   363 | D        | Found a shadowy altar of Dithmenos.
   363 | D        | Found a white marble altar of Elyvilon.
   363 | D        | Found a blossoming altar of Fedhas.
   363 | D        | Found an opulent altar of Gozag.
   364 | D        | Found a hazy altar of Hepliaklqana.
   365 | D        | Found a viscous altar of Jiyva.
   366 | D        | Found an ancient bone altar of Kikubaaqudgha.
   367 | D        | Found a corrupted altar of Lugonu.
   368 | D        | Found a burning altar of Makhleb.
   369 | D        | Found a sparkling altar of Nemelex Xobeh.
   370 | D        | Found an iron altar of Okawaru.
   371 | D        | Found a stormy altar of Qazlal.
   372 | D        | Found a sacrificial altar of Ru.
   373 | D        | Found a shimmering blue altar of Sif Muna.
   374 | D        | Found a bloodstained altar of Trog.
   375 | D        | Found a hide-covered altar of Uskayaw.
   376 | D        | Found a radiant altar of Vehumet.
   377 | D        | Found an ornate altar of the Wu Jian Council.
   378 | D        | Found a shimmering altar of Xom.
   379 | D        | Found a basalt altar of Yredelemnul.
   380 | D        | Found a glowing silver altar of Zin.
   381 | D        | Found a glowing golden altar of the Shining One.
   384 | D        | Became a worshipper of Vehumet
   427 | D        | Learned a level 3 spell: Stone Arrow
   433 | D        | Learned a level 5 spell: Lee's Rapid Deconstruction
   433 | D        | Noticed a two-headed ogre
   433 | D        | Noticed a yak
   433 | D        | Noticed a two-headed ogre
   433 | D        | Noticed a shadow
   433 | D        | Noticed a two-headed ogre
   438 | D        | Reached skill level 10 in Earth Magic
   454 | D        | Killed a two-headed ogre
   455 | D        | Reached skill level 1 in Fighting
   455 | D        | Reached skill level 5 in Stealth
   455 | D        | Reached skill level 14 in Earth Magic
   455 | D        | Reached skill level 1 in Evocations
   455 | D        | Reached XP level 6. HP: 35/35 MP: 2/18
   455 | D        | Reached XP level 7. HP: 39/39 MP: 2/19
   456 | D        | Killed a yak
   456 | D        | Reached * piety under Vehumet
   456 | D        | Offered knowledge of Foxfire by Vehumet.
   457 | D        | Reached XP level 8. HP: 44/44 MP: 2/21
   458 | D        | Killed a two-headed ogre
   459 | D        | Reached skill level 10 in Spellcasting
   459 | D        | Reached skill level 15 in Earth Magic
   462 | D        | Killed a shadow
   463 | D        | Reached skill level 16 in Earth Magic
   463 | D        | Reached XP level 9. HP: 45/48 MP: 5/23
   467 | D        | Killed a two-headed ogre
   467 | D        | Reached ** piety under Vehumet
   468 | D        | Reached skill level 17 in Earth Magic
   708 | D        | Learned a level 4 spell: Petrify
   711 | D        | Noticed a troll
   711 | D        | Noticed a troll
   711 | D        | Noticed a centaur warrior
   711 | D        | Noticed a gargoyle
   711 | D        | Noticed a centaur warrior
   717 | D        | Killed a troll
   717 | D        | Offered knowledge of Freeze by Vehumet.
   718 | D        | Reached skill level 5 in Dodging
   720 | D        | Killed a troll
   721 | D        | Reached skill level 1 in Transmutations
   730 | D        | Killed a centaur warrior
   731 | D        | Reached skill level 18 in Earth Magic
   731 | D        | Reached XP level 10. HP: 29/54 MP: 16/26
   732 | D        | Reached *** piety under Vehumet
   735 | D        | Killed a centaur warrior
   736 | D        | Killed a gargoyle
  1102 | D        | Noticed a five-headed hydra
  1113 | D        | Offered knowledge of Dazzling Flash by Vehumet.
  1113 | D        | Reached **** piety under Vehumet
  1114 | D        | Reached skill level 19 in Earth Magic
  1226 | D        | Killed a five-headed hydra
  1228 | D        | Reached skill level 1 in Conjurations
  1448 | D        | Offered knowledge of Frozen Ramparts by Vehumet.
  1456 | D        | Learned a level 3 spell: Frozen Ramparts
  1489 | D        | Offered knowledge of Airstrike by Vehumet.
  1490 | D        | Reached skill level 20 in Earth Magic
  1651 | D        | Reached ***** piety under Vehumet
  1652 | D        | Reached XP level 11. HP: 60/60 MP: 6/28
  1718 | D        | Offered knowledge of Bolt of Magma by Vehumet.
  2099 | D        | Noticed a boulder beetle
  2101 | D        | Offered knowledge of Fulminant Prism by Vehumet.
  2267 | D        | Killed a boulder beetle
  2408 | D        | Reached skill level 1 in Staves
  2408 | D        | Reached skill level 21 in Earth Magic
  2412 | D        | Reached skill level 15 in Spellcasting
  2426 | D        | Reached ****** piety under Vehumet
  2430 | D        | Offered knowledge of Iskenderun's Battlesphere by Vehumet.
  2471 | D        | Noticed a dire elephant
  2622 | D        | Killed a dire elephant
  2623 | D        | Reached skill level 22 in Earth Magic
  2870 | D        | Noticed Harold
  2875 | D        | Killed Harold
  3103 | D        | Offered knowledge of Iron Shot by Vehumet.
  3104 | D        | Reached XP level 12. HP: 53/64 MP: 20/32
  3391 | D        | Learned a level 6 spell: Iron Shot
  3391 | D        | Noticed an orc high priest
  3397 | D        | Killed an orc high priest
  3397 | D        | Offered knowledge of Freezing Cloud by Vehumet.
  3738 | D        | Offered knowledge of Conjure Ball Lightning by Vehumet.
  3840 | D        | Found Doir's Jewellery Emporium.
  3840 | D        | Noticed a two-headed ogre
  3840 | D        | Noticed a two-headed ogre
  3851 | D        | Killed a two-headed ogre
  3992 | D        | Killed a two-headed ogre
  3993 | D        | Reached skill level 23 in Earth Magic
  4457 | D        | Noticed an ogre mage
  4464 | D        | Killed an ogre mage
  4661 | D        | Found Mucsotz's Jewellery Shoppe.
  4665 | D        | Found Liupsatan's Magic Scroll Emporium.
  4667 | D        | Found Odghyton's Book Shoppe.
  4678 | D        | Offered knowledge of Eringya's Noxious Bog by Vehumet.
  4752 | D        | Noticed a two-headed ogre
  4753 | D        | Noticed a two-headed ogre
  4758 | D        | Noticed an ogre mage
  4759 | D        | Killed a two-headed ogre
  4760 | D        | Killed a two-headed ogre
  4760 | D        | Noticed an ogre mage
  4772 | D        | Paralysed by something for 5 turns
  4777 | D        | Killed an ogre mage
  4787 | D        | Killed an ogre mage
  5022 | D        | Bought an amulet of magic regeneration for 330 gold pieces
  5028 | D        | Bought a book of the Earth for 845 gold pieces
  5028 | D        | Bought a book of Flames for 455 gold pieces
  5039 | D        | Bought a scroll of fear for 42 gold pieces
  5039 | D        | Bought a scroll of fog for 24 gold pieces
  5039 | D        | Bought a scroll of enchant weapon for 90 gold pieces
  5039 | D        | Bought a scroll of magic mapping for 42 gold pieces
  5100 | D        | Noticed Maurice
  5104 | D        | Noticed Erolcha
  5107 | D        | Killed Maurice
  5119 | D        | Killed Erolcha
  5305 | D        | Learned a level 9 spell: Shatter
  5305 | D        | Noticed a tengu warrior
  5308 | D        | Reached skill level 24 in Earth Magic
  5310 | D        | Offered knowledge of Lehudib's Crystal Spear by Vehumet.
  5310 | D        | Offered knowledge of Tornado by Vehumet.
  5310 | D        | Offered knowledge of Ignition by Vehumet.
  5313 | D        | Killed a tengu warrior
  5314 | D        | Reached XP level 13. HP: 59/70 MP: 4/35
  5486 | D        | Noticed an ice dragon
  5488 | D        | Noticed a stone giant
  5489 | D        | Noticed a white very ugly thing
  5490 | D        | Noticed an ettin
  5491 | D        | Killed an ettin
  5492 | D        | Reached skill level 1 in Ice Magic
  5492 | D        | Noticed a fire giant
  5570 | D        | Learned a level 8 spell: Lehudib's Crystal Spear
  5587 | D        | Killed an ice dragon
  5595 | D        | Killed a stone giant
  5679 | D        | Killed a white very ugly thing
  5816 | D        | Killed a fire giant
  5817 | D        | Reached skill level 5 in Conjurations
  5817 | D        | Reached skill level 25 in Earth Magic
  6301 | D        | Noticed Aizul
  6322 | D        | Killed Aizul
  6493 | D        | Noticed an eleionoma
  6495 | D        | Killed an eleionoma
  6498 | D        | Noticed a bunyip
  6541 | D        | Killed a bunyip
  6542 | D        | Reached skill level 5 in Evocations
  6741 | D        | Reached skill level 26 in Earth Magic
  6742 | D        | Noticed a salamander tyrant
  6744 | D        | Killed a salamander tyrant
  6745 | D        | Gained mutation: Your large and strong wings let you fly.
                  | [Gargoyle growth]
  6745 | D        | Reached XP level 14. HP: 59/76 MP: 36/38
  7355 | D        | Reached skill level 5 in Transmutations
  7391 | D        | Noticed an emperor scorpion
  7395 | D        | Killed an emperor scorpion
  7499 | D        | Noticed Grum
  7502 | D        | Killed Grum
  7505 | D        | Reached skill level 27 in Earth Magic
  7516 | D        | Learned a level 8 spell: Ignition
  7593 | D        | Noticed a frost giant
  7595 | D        | Reached skill level 1 in Fire Magic
  7595 | D        | Noticed a frost giant
  7596 | D        | Killed a frost giant
  7660 | D        | Killed a frost giant
  7663 | D        | Reached skill level 5 in Fire Magic
  7901 | D        | Noticed a stone giant
  7906 | D        | Killed a stone giant
  7912 | D        | Noticed a lich
  7919 | D        | Killed a lich
  8066 | D        | Noticed a fire giant
  8069 | D        | Noticed a stone giant
  8070 | D        | Killed a fire giant
  8257 | D        | Killed a stone giant
  8476 | D        | Reached XP level 15. HP: 51/80 MP: 27/42
  8608 | D        | Noticed an orc warlord
  8612 | D        | Killed an orc warlord
  8614 | D        | Noticed a sphinx
  8621 | D        | Killed a sphinx
  8965 | D        | Noticed a vault warden
  8970 | D        | Killed a vault warden
  9134 | D        | Reached skill level 10 in Fire Magic
  9146 | D        | Noticed a vault warden
  9150 | D        | Killed a vault warden
  9219 | D        | Noticed a vault warden
  9225 | D        | Killed a vault warden
  9226 | D        | Reached skill level 10 in Conjurations
  9436 | D        | Noticed Mennas
  9459 | D        | Demolished by Mennas

Illustrated notes

Levels and vault maps discovered:
D:        linesprint [early_d, line_temple, items_1, d_10, items_2, lair_1,
          lair_end, items_3, orc_1, orc_end, items_4, d_15, swamp_1, shoals_1,
          snake_1, spider_1, d_20, vaults_1, items_5, swamp_end, shoals_end,
          snake_end, spider_end, vaults_end, d_27, items_6, zot_1, zot_end,
          crypt_end, forest_end, elf_end, slime_end, tomb_end, abyss_end,
          pan_hell_end]

Skill      XL: |  1  2  3  4  5  6  7  8  9 10 11 12 13 14 15 |
---------------+----------------------------------------------+-----
Earth Magic    | 5 7 9 14 16 18 20 22 24 26 27 | 27.0
Dodging        | 2 4 5 6 |  6.9
Stealth        | 3 5 6 8 9 |  9.8
Spellcasting   | 3 5 9 10 12 13 16 18 20 23 25 | 25.0
Fighting       | 1 2 3 4 |  4.6
Evocations     | 1 2 4 5 |  5.1
Transmutations | 1 2 3 4 5 |  5.9
Conjurations   | 1 4 6 8 10 | 10.1
Staves         | 1 2 4 |  4.8
Ice Magic      | 1 |  1.0
Fire Magic     | 7 10 | 10.6
Throwing       | |  0.4

Action                   |  1- 3 |  4- 6 |  7- 9 | 10-12 | 13-15 || total
-------------------------+-------+-------+-------+-------+-------++-------
Melee: Quarterstaff      |       |       |     1 |    15 |    38 ||    54
Throw: Throwing net      |       |       |       |     1 |     2 ||     3
 Cast: Sandblast         |    15 |     4 |     1 |    10 |       ||    30
       Lee's Rapid Decon |       |     2 |     6 |    87 |    35 ||   130
       Petrify           |       |       |     1 |    21 |    17 ||    39
       Stone Arrow       |       |       |       |    37 |    10 ||    47
       Iron Shot         |       |       |       |     6 |    56 ||    62
       Shatter           |       |       |       |     3 |    38 ||    41
       Frozen Ramparts   |       |       |       |     1 |       ||     1
       Lehudib's Crystal |       |       |       |       |     6 ||     6
Evoke: Wand              |       |     2 |     8 |       |     4 ||    14
  Use: Potion            |     3 |     1 |     2 |     1 |     6 ||    13
       Scroll            |       |       |       |     1 |     1 ||     2
 Stab: Petrified         |       |       |       |    11 |     4 ||    15
       Distracted        |       |       |       |       |     1 ||     1
Armor: Robe              |     2 |     2 |     1 |    19 |    21 ||    45
Dodge: Dodged            |     6 |     5 |     3 |    40 |    44 ||    98

Table legend: (Time is in decaauts)
 A = Elapsed time spent in this place.
 B = Non-inter-level travel time spent in this place.
 C = Inter-level travel time spent in this place.
 D = Time resting spent in this place.
 E = Time spent auto-exploring this place.
 F = Levels seen in this place.
 G = Mean time per level.
                   A        B        C        D        E       F      G
               +--------+--------+--------+--------+--------+-----+--------+
         Total |   9441 |   9441 |      0 |   6124 |   1102 |   1 | 9441.0 |
       Dungeon |   9441 |   9441 |      0 |   6124 |   1102 |   1 | 9441.0 |
               +--------+--------+--------+--------+--------+-----+--------+

Top non-repeatable levels by time:
       D: 9441 daAuts
